[Event "91st GER-ch 2020"]
[Site "Magdeburg"]
[Date "2020.08.21"]
[Round "8.4"]
[White "Parvanyan, Ashot"]
[Black "Dubiel, Jacek"]
[Result "1-0"]
[ECO "A05"]
[WhiteElo "2449"]
[BlackElo "2414"]
[Annotator "RC"]
[PlyCount "61"]
[EventDate "2020.08.16"]
[EventType "swiss"]
[EventCountry "GER"]
[SourceTitle "playchess.com"]
[Source "ChessBase"]
[SourceQuality "1"]
[TimeControl "40/5400+30:1800+30"]

1. Nf3 Nf6 2. c4 e6 3. g3 d5 4. Bg2 d4 5. O-O c5 6. e3 Nc6 7. exd4 cxd4 8. d3 Bd6 9. Na3 O-O 10. Nc2 Bc5 11. Re1 a5 12. b3 Nd7 13. a3 e5 14. Rb1 Re8 15. b4 axb4 16. axb4 Bf8 17. Bg5 f6 18. Bd2 Ndb8 19. b5 Ne7 20. Bb4 Qc7 21. Nfxd4 exd4 22. Nxd4 Qb6 23. c5 Qd8 24. Qb3+ Kh8 25. Qf7 Ra4 26. c6 bxc6 27. Nxc6 Nbxc6 28. bxc6 Bf5 29. Bxe7 Bxe7 30. Rxe7 Rxe7 31. Qxe7 1-0

[Event "91st GER-ch 2020"]
[Site "Magdeburg"]
[Date "2020.08.22"]
[Round "9.3"]
[White "Muckle, Julius"]
[Black "Mons, Leon"]
[Result "1/2-1/2"]
[ECO "D37"]
[WhiteElo "2386"]
[BlackElo "2540"]
[Annotator "RC"]
[PlyCount "80"]
[EventDate "2020.08.16"]
[EventType "swiss"]
[EventCountry "GER"]
[SourceTitle "playchess.com"]
[Source "ChessBase"]
[SourceQuality "1"]
[TimeControl "40/5400+30:1800+30"]

1. d4 Nf6 2. c4 e6 3. Nf3 d5 4. Nc3 dxc4 5. e3 a6 6. a4 c5 7. Bxc4 Nc6 8. O-O Be7 9. Qe2 O-O 10. Rd1 Qc7 11. d5 exd5 12. Nxd5 Nxd5 13. Bxd5 Rd8 14. e4 Nb4 15. Bd2 Nxd5 16. exd5 Bg4 17. h3 Bh5 18. g4 Bg6 19. Ba5 b6 20. Bxb6 Qxb6 21. Qxe7 Qxb2 22. Qxc5 Be4 23. Qd4 Qxd4 24. Nxd4 Rxd5 25. Nf5 Ra5 26. Nd6 Bc2 27. Rd4 Rd8 28. Nf5 Rxd4 29. Nxd4 Bg6 30. Nc6 Rc5 31. Rd1 h5 32. Ne7+ Kh7 33. Nxg6 fxg6 34. Rd6 hxg4 35. hxg4 a5 36. Rd4 g5 37. Kg2 Rc3 38. f3 Ra3 39. Kg3 Ra2 40. Re4 Kg6 1/2-1/2

[Event "91st GER-ch 2020"]
[Site "Magdeburg"]
[Date "2020.08.22"]
[Round "9.6"]
[White "Dubiel, Jacek"]
[Black "Bindrich, Falko"]
[Result "1/2-1/2"]
[ECO "C49"]
[WhiteElo "2414"]
[BlackElo "2605"]
[Annotator "ChessBase"]
[PlyCount "70"]
[EventDate "2020.08.16"]
[EventType "swiss"]
[EventCountry "GER"]
[SourceTitle "playchess.com"]
[Source "ChessBase"]
[SourceQuality "1"]
[TimeControl "40/5400+30:1800+30"]

1. e4 e5 2. Nf3 Nc6 3. Nc3 Nf6 4. Bb5 Bb4 5. O-O O-O 6. Bxc6 dxc6 7. Nxe5 Re8 8. Nd3 Bxc3 9. dxc3 Nxe4 10. Qf3 Qf6 11. Qxf6 Nxf6 12. Bf4 Nd5 13. Rfe1 Bf5 14. Bg3 b5 15. Nb4 Nxb4 16. cxb4 Bxc2 17. Bxc7 f6 18. f3 Kf7 19. Kf2 Bd3 20. Rxe8 Rxe8 21. Re1 Rxe1 22. Kxe1 Bc4 23. a3 Ke6 24. Bb8 a6 25. Kf2 Kd5 26. Ba7 f5 27. Ke3 Bf1 28. g3 g6 29. Bd4 f4+ 30. gxf4 Bh3 31. Bf6 Bf5 32. Bc3 Kc4 33. Bf6 Kd5 34. Bc3 Kc4 35. Bf6 Kd5 1/2-1/2

[Event "91st GER-ch 2020"]
[Site "Magdeburg"]
[Date "2020.08.22"]
[Round "9.9"]
[White "Geue, Niklas"]
[Black "Braun, Georg"]
[Result "0-1"]
[ECO "A37"]
[WhiteElo "2050"]
[BlackElo "2360"]
[Annotator "RC"]
[PlyCount "114"]
[EventDate "2020.08.16"]
[EventType "swiss"]
[EventCountry "GER"]
[SourceTitle "playchess.com"]
[Source "ChessBase"]
[SourceQuality "1"]
[TimeControl "40/5400+30:1800+30"]

1. Nf3 c5 2. c4 Nc6 3. g3 g6 4. Bg2 Bg7 5. Nc3 e5 6. d3 Nge7 7. O-O O-O 8. Rb1 d6 9. a3 Bg4 10. h3 Bf5 11. b4 Rb8 12. Nd2 Qd7 13. Kh2 b6 14. Nde4 Kh8 15. Bg5 f6 16. Bd2 Be6 17. Qc1 f5 18. Ng5 Bg8 19. e4 h6 20. Nf3 Kh7 21. b5 Nd4 22. Nxd4 cxd4 23. Nd5 Nxd5 24. cxd5 Rbc8 25. Qb2 h5 26. Rbc1 Rxc1 27. Bxc1 fxe4 28. dxe4 Rc8 29. Bd2 Rc5 30. a4 Qc7 31. Rc1 Bh6 32. Rxc5 bxc5 33. Bxh6 Kxh6 34. Bf1 Kg7 35. Qc1 Qa5 36. h4 Qxa4 37. Qg5 d3 38. Bxd3 Qd4 39. Qe7+ Bf7 40. Qxa7 Qxf2+ 41. Kh1 Qf3+ 42. Kh2 Qf2+ 43. Kh1 Qe1+ 44. Kg2 Qd2+ 45. Kg1 Qxd3 46. b6 Qe3+ 47. Kf1 c4 48. Qc7 Qc1+ 49. Ke2 Qb2+ 50. Kf3 c3 51. b7 c2 52. b8=Q Qxb8 53. Qxb8 c1=Q 54. Qxd6 Qc3+ 55. Kf2 Qd4+ 56. Kf3 Qd3+ 57. Kf2 Qxe4 0-1

[Event "91st GER-ch 2020"]
[Site "Magdeburg"]
[Date "2020.08.22"]
[Round "9.15"]
[White "Schulte, Felix"]
[Black "Weber, Max"]
[Result "0-1"]
[ECO "E47"]
[WhiteElo "2174"]
[BlackElo "2243"]
[Annotator "RC"]
[PlyCount "68"]
[EventDate "2020.08.16"]
[EventType "swiss"]
[EventCountry "GER"]
[SourceTitle "playchess.com"]
[Source "ChessBase"]
[SourceQuality "1"]
[TimeControl "40/5400+30:1800+30"]

1. d4 Nf6 2. c4 e6 3. Nc3 Bb4 4. e3 O-O 5. Bd3 c5 6. Nge2 d5 7. a3 cxd4 8. exd4 dxc4 9. Bxc4 Be7 10. Nf4 Nc6 11. Be3 e5 12. dxe5 Nxe5 13. Be2 Neg4 14. Qxd8 Rxd8 15. Bc1 Bf5 16. h3 Ne5 17. g4 Bc2 18. O-O Ne4 19. Nxe4 Bxe4 20. f3 Bc5+ 21. Kg2 Bc2 22. b4 Bd4 23. Ra2 Rac8 24. Bb2 Bb3 25. Bxd4 Rxd4 26. Rb2 Ba4 27. Nh5 Nd3 28. Bxd3 Rxd3 29. Nf4 Rxa3 30. Nd5 Kf8 31. Kg3 Rd8 32. Rd2 Bb3 33. Rb1 Bxd5 34. Rbd1 Rxf3+ 0-1

[Event "91st GER-ch 2020"]
[Site "Magdeburg"]
[Date "2020.08.22"]
[Round "9.17"]
[White "Gustain, Marc"]
[Black "Neurohr, Juergen"]
[Result "1-0"]
[ECO "C56"]
[WhiteElo "2173"]
[BlackElo "2022"]
[Annotator "ChessBase"]
[PlyCount "33"]
[EventDate "2020.08.16"]
[EventType "swiss"]
[EventCountry "GER"]
[SourceTitle "playchess.com"]
[Source "ChessBase"]
[SourceQuality "1"]
[TimeControl "40/5400+30:1800+30"]

1. e4 e5 2. Bc4 Nf6 3. d4 exd4 4. Nf3 Nc6 5. O-O Nxe4 6. Re1 d5 7. Bxd5 Qxd5 8. Nc3 Qa5 9. Nxe4 Be6 10. Neg5 O-O-O 11. Nxe6 fxe6 12. Rxe6 Bd6 13. Qe2 Qh5 14. Bd2 Rde8 15. Re1 Kd7 16. Ne5+ Nxe5 17. Rxd6+ 1-0